 Dungeon Crawl Stone Soup version bcrawl-1.21.2-1-g32d02e0829 (webtiles) character file.

Game seed: 16283304473475901345

71 Mrkan the Shield-Bearer (level 4, -1/40 HPs)
             Began as a Minotaur Fighter on Feb 24, 2020.
             Killed by divine providence
             ... invoked by an orc priest
              (12 damage)
             ... on level 2 of the Dungeon on Feb 25, 2020.
             The game lasted 00:00:59 (681 turns).

Mrkan the Shield-Bearer (Minotaur Fighter)           Turns: 681, Time: 00:01:00

Health: -1/40      AC:  7    Str: 21    XL:     4   Next: 5%
Magic:  3/3        EV:  7    Int:  5    God:
Gold:   50         SH:  9    Dex: 10    Spells: 3/3 levels left

rFire    . . .     SeeInvis .   a - +0 flail
rCold    . . .     Gourm    .   c - +0 shield
rNeg     . . .     Faith    .   b - +0 scale mail
rPois    .         Spirit   .   (helmet restricted)
rElec    .         Reflect  .   (no cloak)
rCorr    .         Harm     .   (no gloves)
MR       .....                  (no boots)
Stlth    ..........             (no amulet)
HPRegen  0.13/turn              (no ring)
MPRegen  0.08/turn              (no ring)

@: no status effects
A: retaliatory headbutt, horns 2
a: no special abilities


You were on level 2 of the Dungeon.
You were not hungry.

You visited 1 branch of the dungeon, and saw 2 of its levels.

You collected 50 gold pieces.

Inventory:

Hand Weapons
 a - a +0 flail (weapon)
Armour
 b - a +0 scale mail (worn)
 c - a +0 shield (worn)
Scrolls
 i - a scroll of identify {unknown}
 k - a scroll of teleportation {unknown}
 m - 3 scrolls of remove curse {unknown}
Potions
 d - a potion of might
 f - a potion of magic {unknown}
 g - a potion of flight {unknown}
 h - a potion of curing {unknown}
 j - 3 potions of heal wounds {unknown}
Comestibles
 e - a ration {!d}
 l - 5 chunks of flesh


   Skills:
 + Level 4.2 Fighting
 * Level 3.8 Maces & Flails
 + Level 4.2 Armour
 + Level 4.2 Shields


You had 3 spell levels left.
You didn't know any spells.
Your spell library was empty.

Dungeon Overview and Level Annotations

Branches:
Dungeon (2/12)

Altars:


Innate Abilities, Weirdness & Mutations

You reflexively headbutt those who attack you in melee.
You have a pair of horns on your head.


Message History

The orc priest is moderately wounded.
The jackal bites you but does no damage.
The orc priest calls down the wrath of Beogh upon you.
Beogh smites you! You block the jackal's attack. The jackal closely misses you.
You furiously retaliate!
You headbutt the jackal!
You kill the jackal!
You closely miss the orc priest. You headbutt the orc priest.
The orc priest is severely wounded.
The jackal closely misses you.
The orc priest invokes the aid of Beogh against you.
Pain shoots through your body!
* * * LOW HITPOINT WARNING * * *
You block the jackal's attack.
You barely miss the orc priest.
The orc priest is severely wounded.
The jackal bites you but does no damage.
The jackal barely misses you.
The orc priest mumbles some strange prayers to Beogh against you.
Beogh smites you!
You die...

#+## . ..>. . #.
#..#####.#
##'###.......
#....[.....##.#
+......o...##.##.#
#......@...##.##.#
#.......h..##.##.#
##+####'#####.##.#
#.####.### #.##.#
#........# #.##.#
######.#.#
#.##.### #.#.#
#....รท.# #.#.#
####.### #.#.#
#<.#


You could see an orc priest and a jackal.

Vanquished Creatures
  A crimson imp (D:2)
  An adder (D:2)
  An ooze (D:1)
  2 leopard geckos (D:1)
  3 giant cockroaches (D:1)
  A goblin (D:1)
  2 hobgoblins (D:1)
  2 jackals (D:2)
  3 bats (D:1)
  3 frilled lizards (D:1)
  2 rats (D:1)
21 creatures vanquished.

Notes
Turn   | Place    | Note
-------+----------+-------------------------------------------
     0 | D:1      | Mrkan the Minotaur Fighter began the quest for the Orb.
     0 | D:1      | Reached XP level 1. HP: 19/19 MP: 0/0
   198 | D:1      | Reached XP level 2. HP: 25/27 MP: 1/1
   617 | D:2      | Reached XP level 3. HP: 33/33 MP: 2/2
   664 | D:2      | Reached XP level 4. HP: 35/40 MP: 3/3
   681 | D:2      | Killed from afar by an orc priest

Skill      XL: |  1  2 |
---------------+-------+-----
Maces & Flails | 3 |  3.8
Fighting       | 4 |  4.2
Armour         | 4 |  4.2
Shields        | 4 |  4.2

Action                   |  1- 3 |  4- 6 || total
-------------------------+-------+-------++-------
Melee: Flail             |    48 |     9 ||    57
       Headbutt          |     8 |     2 ||    10
Armor: Scale mail        |    37 |    17 ||    54
Dodge: Dodged            |    17 |     7 ||    24
Block: Shield            |    24 |    10 ||    34
